 Dungeon Crawl Stone Soup version 0.28-a0-616-gdeb3d7f7b4 (webtiles) character file.

Game seed: 8349198028642519343

16986 Johnny the Thaumaturge (level 12, 0/110 HPs)
             Began as a Purple Draconian Ice Elementalist on Oct 6, 2021.
             Was a Believer of Sif Muna.
             Slain by a wolf (9 damage)
             ... on level 2 of the Lair of Beasts.
             The game lasted 00:20:42 (16024 turns).

Johnny the Thaumaturge (DrIE)                      Turns: 16024, Time: 00:20:43

Health: 0/110      AC: 10    Str: 15      XL:     12   Next: 14%
Magic:  11/37      EV: 12    Int: 19      God:    Sif Muna [**....]
Gold:   1566       SH:  0    Dex: 12 (14) Spells: 22/35 levels left

rFire   . . .      SeeInvis +   o - +2 whip (elec)
rCold   . . .      Faith    +   (no shield)
rNeg    . . .      Spirit   .   (armour unavailable)
rPois   +          Reflect  .   (helmet restricted)
rElec   .          Harm     .   s - +0 cloak
rCorr   .          Rampage  .   g - +0 pair of gloves
Will    +....                   (no boots)
Stlth   ++........              y - amulet of Oboum Fucao {Faith rPois Str+5}
HPRegen 1.28/turn               m - ring of magical power
MPRegen 0.25/turn               z - ring of see invisible

@: about to teleport
A: breathe power, AC +8, unfitting armour, cold-blooded, regeneration 1
a: Breathe Dispelling Energy, Renounce Religion, Channel Magic


You were on level 2 of the Lair of Beasts.
You worshipped Sif Muna.
Sif Muna was pleased with you.
You visited 3 branches of the dungeon, and saw 15 of its levels.
You also visited: Ice Cave.

You collected 1566 gold pieces.

Inventory:

Hand Weapons
 c - a +0 dagger of holy wrath
 o - a +2 whip of electrocution (weapon)
Missiles
 d - a throwing net
Armour
 f - a +1 tower shield of cold resistance
 g - a +0 pair of gloves (worn)
 s - a +0 cloak (worn)
Magical Staves
 k - a staff of cold
Jewellery
 m - a ring of magical power (left hand)
 y - the amulet of Oboum Fucao (around neck) {Faith rPois Str+5}
   (You found it on level 7 of the Dungeon)

   [amulet of faith]

   It allows you to gain divine favour quickly.
   Str:       It affects your strength (+5).
   rPois:     It protects you from poison.
 z - a ring of see invisible (right hand)
 B - a ring of protection from cold
Wands
 e - a wand of flame (25)
Scrolls
 b - 4 scrolls of identify
 i - a scroll of brand weapon
 j - 2 scrolls of immolation
 l - a scroll of teleportation
 t - 3 scrolls of enchant armour
 w - 2 scrolls of amnesia
 x - 4 scrolls of vulnerability
Potions
 a - 4 potions of brilliance
 h - 4 potions of curing
 n - a potion of berserk rage
 p - 2 potions of mutation
 q - 2 potions of degeneration
 u - a potion of haste
 v - 4 potions of flight
 C - a potion of attraction


   Skills:
 + Level 11.6 Fighting
 - Level 1.7 Dodging
 - Level 1.7 Stealth
 + Level 3.1 Shields
 + Level 12.0 Spellcasting
 + Level 11.4 Ice Magic
 + Level 7.9 Invocations


You had 22 spell levels left.
You knew the following spells:

 Your Spells              Type           Power      Damage    Failure   Level
a - Freeze                Ice            100%       1d11      1%          1
b - Frozen Ramparts       Ice            100%       1d12      1%          3
c - Ozocubu's Armour      Ice            53%        N/A       1%          3
d - Blink                 Tloc           N/A        N/A       9%          2
f - Hailstorm             Conj/Ice       33%        3d8       6%          4

Your spell library contained the following spells:

 Spells                   Type           Power      Damage    Failure   Level
 Metabolic Englaciation   Hex/Ice        16%        N/A       16%         5
 Conjure Flame            Conj/Fire      11%        6-21      19%         3
 Ignite Poison            Fire/Tmut/Pois 11%        N/A       19%         3
 Lesser Beckoning         Tloc           11%        N/A       19%         3
 Sticky Flame             Conj/Fire      11%        2d3       52%         4
 Simulacrum               Ice/Necr       16%        N/A       65%         6
 Manifold Assault         Tloc           11%        N/A       86%         5
 Malign Gateway           Summ/Tloc      5%         N/A       100%        7
 Summon Horrible Things   Summ           5%         N/A       100%        8


Dungeon Overview and Level Annotations

Branches:
Dungeon (12/15)            Temple (1/1) D:7            Lair (2/6) D:11
 Shoals (0/4) Lair:2        Snake (0/4) Lair:2          Orc (0/2) D:10
  IceCv (visited)

Altars:
Ashenzari
Cheibriados
Dithmenos
Elyvilon
Fedhas
Gozag
Hepliaklqana
Kikubaaqudgha
Makhleb
Nemelex Xobeh
Okawaru
Qazlal
Ru
Sif Muna
Trog
Uskayaw
Vehumet
Wu Jian
Xom
Yredelemnul
Zin
The Shining One
Beogh

Annotations:
D:5 2 transporters, Heedrag's ghost, amateur DrAE


Innate Abilities, Weirdness & Mutations

You can breathe bolts of dispelling energy.
Your rich purple scales are hard. (AC +8)
You cannot fit into any form of body armour.
You are cold-blooded and may be slowed by cold attacks.
Your natural rate of healing is unusually fast.


Message History

A water moccasin comes into view.
The water moccasin hisses angrily.
You feel very sick.
You feel very sick.
The wolf stops to sniff the ground.
Your magical contamination has completely faded away.
You feel sick.
The black mamba is no longer moving slowly.
You feel very sick.
The wolf stops to sniff the ground.
You feel sick.
The black mamba bites you but does no damage.
You feel sick.
The water moccasin bites you but does no damage.
The black mamba bites you.
* * * LOW HITPOINT WARNING * * *
You feel sick.
You feel sick.
The wolf bites the plant!
The plant begins to die.
Found a staircase to the Snake Pit.
You feel sick.
The wolf bites the plant.
A water moccasin comes into view.
The wolf bites the plant.
You feel sick. The wolf closely misses you.
The black mamba bites you but does no damage.
The wolf bites the plant.
The plant begins to die.
The wolf closely misses you.
You feel sick.
You are no longer poisoned.
The black mamba bites you!
* * * LOW HITPOINT WARNING * * *
The water moccasin hisses angrily.
A nearby plant withers and dies.
The black mamba bites the plant!
The wolf bites you.
* * * LOW HITPOINT WARNING * * *
The black mamba bites you.
* * * LOW HITPOINT WARNING * * *
As you read the scroll of teleportation, it crumbles to dust.
You feel strangely unstable. The wolf bites you but does no damage.
The black mamba bites you!
* * * LOW HITPOINT WARNING * * *
The wolf bites you!
You die...

#. ###..#### ...#.....#.
...#....... .....>....
.......# .S...# #...## ..
#..P###@h.# ... P... #Shh##
##..# ...####S..## ....
....# #..P.# ...### ##..#
##SS## .....#####...##
#S.l## #
#.....#.##†...####S...#.#...
.......†.†§S.......Y........
......#.........#..#.###..#.


You could see a komodo dragon, 3 black mambas, a yak, 4 water moccasins and 3
wolves.

Vanquished Creatures
  Snorg (D:10)
  A hydra (Lair:1)
  3 two-headed ogres
  A death knight (D:9)
  Pikel (D:4)
  A cyclops (D:8)
  3 black mambas
  An ice statue (IceCv)
  3 cane toads (Lair:1)
  A kobold demonologist (D:10)
  5 komodo dragons
  A gargoyle (D:11)
  3 rime drakes (IceCv)
  3 trolls
  A slime creature (D:8)
  Sigmund (D:2)
  6 yaks
  2 wyverns (Lair:2)
  A vampire (D:11)
  A wraith (D:10)
  A vampire mosquito (D:5)
  4 water moccasins
  An ice beast (D:7)
  A sky beast (D:4)
  5 orc warriors
  2 necrophages
  4 centaurs
  An ogre (D:7)
  5 wolves (Lair:1)
  A phantom (D:4)
  A kobold brigand (D:5)
  A scorpion (D:5)
  2 water moccasin zombies (D:5)
  5 bullfrogs
  A killer bee (D:9)
  8 wights
  2 lindwurm simulacra (IceCv)
  3 howler monkeys (D:11)
  4 centaur zombies
  A hound (D:5)
  A bullfrog skeleton (D:4)
  5 komodo dragon simulacra (IceCv)
  4 orc priests
  Crazy Yiuf (D:4)
  A gnoll shaman (D:9)
  2 jellies
  2 iguanas
  Ijyb (D:3)
  Natasha (thrice) (D:2)
  8 orc wizards
  Robin (D:3)
  8 gnolls
  A howler monkey skeleton (D:5)
  2 howler monkey zombies
  5 acid dragon simulacra (IceCv)
  2 adders
  A shadow imp (D:6)
  3 steam dragon simulacra (IceCv)
  An ufetubus (D:5)
  A worm (D:3)
  A dart slug (D:1)
  47 orcs
  An endoplasm (D:3)
  2 giant cockroaches (D:1)
  15 goblins
  5 hobgoblins (D:3)
  5 quokkas
  7 ball pythons
  5 bats
  13 frilled lizards (D:3)
  3 kobolds
  3 rats
253 creatures vanquished.

Vanquished Creatures (others)
  2 fungi (Lair:2)
  26 plants
28 creatures vanquished.

Grand Total: 281 creatures vanquished

Notes
Turn   | Place    | Note
-------+----------+-------------------------------------------
     0 | D:1      | Johnny the Draconian Ice Elementalist began the quest for
                  | the Orb.
     0 | D:1      | Reached XP level 1. HP: 14/14 MP: 3/3
    29 | D:1      | Reached skill level 1 in Fighting
    29 | D:1      | Reached XP level 2. HP: 6/23 MP: 1/5
  1128 | D:2      | Noticed Natasha
  1133 | D:2      | Killed Natasha
  1134 | D:2      | Reached XP level 3. HP: 14/29 MP: 1/6
  1341 | D:2      | Learned a level 3 spell: Frozen Ramparts
  1345 | D:2      | Learned a level 3 spell: Ozocubu's Armour
  1357 | D:2      | Noticed Natasha
  1366 | D:2      | Killed Natasha
  1367 | D:2      | Reached XP level 4. HP: 36/36 MP: 2/8
  1384 | D:2      | Noticed Natasha
  1389 | D:2      | Killed Natasha
  1390 | D:2      | Reached skill level 3 in Spellcasting
  1595 | D:2      | Noticed Sigmund
  2754 | D:3      | Noticed Robin
  2762 | D:3      | Reached XP level 5. HP: 31/42 MP: 2/9
  2772 | D:3      | Killed Robin
  2901 | D:3      | Found an ancient bone altar of Kikubaaqudgha.
  2915 | D:3      | Found a snail-covered altar of Cheibriados.
  3012 | D:3      | Reached skill level 5 in Ice Magic
  3372 | D:3      | Noticed Ijyb
  3386 | D:3      | Killed Ijyb
  3888 | D:3      | Found a shadowy altar of Dithmenos.
  3901 | D:3      | Found a shimmering altar of Xom.
  3927 | D:3      | Found a sparkling altar of Nemelex Xobeh.
  4291 | D:2      | Killed Sigmund
  4292 | D:2      | Reached skill level 4 in Spellcasting
  4292 | D:2      | Reached XP level 6. HP: 42/52 MP: 5/12
  4503 | D:4      | Noticed Pikel
  4512 | D:4      | Killed Pikel
  4513 | D:4      | Reached skill level 5 in Fighting
  4513 | D:4      | Reached skill level 5 in Spellcasting
  4513 | D:4      | Your scales start taking on a rich purple colour.
  4513 | D:4      | Reached skill level 6 in Spellcasting
  4513 | D:4      | Reached XP level 7. HP: 26/61 MP: 14/16
  5051 | D:4      | Reached XP level 8. HP: 56/70 MP: 17/17
  5275 | D:4      | Found a burning altar of Makhleb.
  5283 | D:4      | Found a sacrificial altar of Ru.
  5285 | D:4      | Found an iron altar of Okawaru.
  5286 | D:4      | Found a stormy altar of Qazlal.
  5459 | D:4      | Found a runed translucent door.
  5460 | D:4      | Noticed Crazy Yiuf
  5466 | D:4      | Killed Crazy Yiuf
  5517 | D:5      | Entered Level 5 of the Dungeon
  5863 | D:5      | Reached skill level 7 in Spellcasting
  6186 | D:5      | Noticed a hornet
  6203 | D:5      | Noticed Heedrag's ghost (amateur DrAE)
  6213 | D:5      | Found a transporter.
  6216 | D:5      | Found a transporter.
  6735 | D:6      | Reached XP level 9. HP: 69/78 MP: 20/20
  7459 | D:7      | Reached skill level 8 in Spellcasting
  7591 | D:7      | Learned a level 2 spell: Blink
  7596 | D:7      | Learned a level 4 spell: Hailstorm
  7753 | D:7      | Found a staircase to the Ecumenical Temple.
  7765 | Temple   | Entered the Ecumenical Temple
  7912 | Temple   | Became a worshipper of Sif Muna the Loreminder
  8020 | D:7      | Identified the amulet of Oboum Fucao {Faith rPois Str+5}
  8500 | D:8      | Reached * piety under Sif Muna
  8620 | D:8      | Reached skill level 9 in Spellcasting
  8892 | D:8      | Noticed a cyclops
  8901 | D:8      | Killed a cyclops
  8902 | D:8      | Reached skill level 1 in Invocations
  9814 | D:9      | Noticed a two-headed ogre
  9816 | D:9      | Reached XP level 10. HP: 81/90 MP: 23/23
  9819 | D:9      | Killed a two-headed ogre
  9881 | D:9      | Identified the ring of Ticovudic {Will- Str+7 Slay+4}
 10253 | D:9      | Identified 2 scrolls of acquirement
 10259 | D:9      | Acquired a staff of cold
 10270 | D:9      | Acquired 855 gold pieces
 10276 | D:9      | Noticed a death knight
 10287 | D:9      | Killed a death knight
 10600 | D:9      | Reached skill level 10 in Spellcasting
 10719 | D:9      | Noticed a two-headed ogre
 10727 | D:9      | Killed a two-headed ogre
 11005 | D:10     | Entered Level 10 of the Dungeon
 11005 | D:10     | Noticed Snorg
 11129 | D:10     | Reached skill level 10 in Fighting
 11129 | D:10     | Reached skill level 10 in Ice Magic
 11175 | D:10     | Noticed a two-headed ogre
 11186 | D:10     | Killed a two-headed ogre
 11187 | D:10     | Reached skill level 5 in Invocations
 11434 | D:10     | Reached XP level 11. HP: 75/100 MP: 25/25
 11583 | D:10     | Found a staircase to the Orcish Mines.
 11819 | D:10     | Reached ** piety under Sif Muna
 12016 | D:10     | Killed Snorg
 12323 | D:11     | HP: 1/101 [vampire (7)]
 12327 | D:11     | Reached skill level 11 in Spellcasting
 12564 | D:11     | Found a frozen archway.
 12573 | IceCv    | Entered an ice cave
 13626 | IceCv    | Noticed an ice dragon
 14509 | IceCv    | Gained mutation: Your natural rate of healing is unusually
                  | fast. [potion of mutation]
 14671 | D:11     | Found a staircase to the Lair.
 14964 | D:12     | Noticed a two-headed ogre
 14993 | Lair:1   | Entered Level 1 of the Lair of Beasts
 15101 | Lair:1   | Noticed a five-headed hydra
 15127 | Lair:1   | Reached skill level 1 in Shields
 15129 | Lair:1   | Killed a five-headed hydra
 15602 | Lair:1   | Reached XP level 12. HP: 110/110 MP: 27/27
 15915 | Lair:2   | Found a staircase to the Shoals.
 16006 | Lair:2   | Reached skill level 12 in Spellcasting
 16020 | Lair:2   | Found a staircase to the Snake Pit.
 16024 | Lair:2   | Slain by a wolf

Illustrated notes

Levels and vault maps discovered:
D:1:      psy_arrival_whirlpool, layout_rooms, hangedman_decor_push,
          hex_intersection
D:2:      layout_rooms, uniq_sigmund, uniq_natasha
D:3:      layout_loops_ring, nemelex_dance_club_becter,
          nicolae_overflow_quartered_altars, chequers_serial_rivers_large_a,
          minmay_lizard_king, uniq_robin, uniq_ijyb
D:4:      layout_cave_pools, minitemple, uniq_pikel, uniq_crazy_yiuf_cottage
D:5:      minmay_thick_lines, layout_rooms, gammafunk_ghost_hive
D:6:      layout_loops_cross
D:7:      layout_cave_pools, minmay_temple_entry_waves
D:8:      layout_rooms, special_room [special_room_orc], minmay_liquid_box
D:9:      layout_long_grid, minmay_fractal_squares_gapless_7
D:10:     layout_long_grid, orc_0_dummy, uniq_snorg
D:11:     layout_long_grid, lair_entry_dummy, portal_ice_cave_entry_pillars_1,
          hangedman_decor_peaks_small
D:12:     layout_cave_pods, serial_column_ruins, column_ruins_hut,
          column_ruins_hut, column_ruins_open_small, column_ruins_grid_1,
          column_ruins_grid_4, column_ruins_corridor_straight,
          column_ruins_grid_3, column_ruins_grid_1
Temple:   dshaligram_water_room_temple
Lair:1:   layout_concentric_octagons, serial_bayou_shore_a, grunt_megastairs_4
Lair:2:   layout_long_grid, elwin_shoals_entry_rocks,
          minmay_snake_entry_six_corridors, beast_lair_carwin_10

Skill      XL: |  1  2  3  4  5  6  7  8  9 10 11 12 |
---------------+-------------------------------------+-----
Fighting       | 1 2 4 5 7 8 10 11 | 11.6
Spellcasting   | 3 4 6 7 9 10 11 12 | 12.0
Ice Magic      | 5 6 7 9 10 11 | 11.4
Invocations    | 2 5 7 |  7.9
Shields        | 2 3 |  3.1
Dodging        | |  1.7
Stealth        | |  1.7

Action                   |  1- 3 |  4- 6 |  7- 9 | 10-12 || total
-------------------------+-------+-------+-------+-------++-------
Melee: Unarmed           |    59 |       |       |       ||    59
       Tailslap          |     5 |    15 |    21 |    35 ||    76
       Mace              |     1 |    32 |       |       ||    33
       Dagger            |       |    97 |    31 |       ||   128
       Whip              |       |       |   186 |   164 ||   350
 Cast: Freeze            |    24 |    26 |    14 |   109 ||   173
       Frozen Ramparts   |       |    16 |    18 |    32 ||    66
       Ozocubu's Armour  |       |     4 |     9 |    30 ||    43
       Hailstorm         |       |       |     2 |    21 ||    23
       Blink             |       |       |       |     3 ||     3
 Abil: Breathe Dispellin |       |       |     1 |     5 ||     6
Evoke: Wand              |       |       |    10 |    27 ||    37
  Use: Potion            |       |     5 |       |     7 ||    12
       Scroll            |       |       |       |    21 ||    21
 Stab: Sleeping          |     3 |     1 |     3 |     1 ||     8
       Paralysed         |       |       |     6 |    22 ||    28
Armor: Skin              |    32 |    74 |   124 |   235 ||   465
Dodge: Dodged            |    59 |   143 |   170 |   266 ||   638
Block: Tower shield      |       |       |       |     5 ||     5

Table legend: (Time is in decaauts)
 A = Elapsed time spent in this place.
 B = Non-inter-level travel time spent in this place.
 C = Inter-level travel time spent in this place.
 D = Time resting spent in this place.
 E = Time spent auto-exploring this place.
 F = Levels seen in this place.
 G = Mean time per level.
                   A        B        C        D        E       F      G
               +--------+--------+--------+--------+--------+-----+--------+
         Total |  16094 |  15617 |    477 |   4035 |   8682 |  16 | 1005.9 |
       Dungeon |  12815 |  12412 |    403 |   2249 |   7845 |  12 | 1067.9 |
        Temple |    166 |    114 |     52 |      0 |    100 |   1 |  166.0 |
          Lair |   1044 |   1022 |     22 |     81 |    727 |   2 |  522.0 |
      Ice Cave |   2068 |   2068 |      0 |   1705 |     10 |   1 | 2068.0 |
               +--------+--------+--------+--------+--------+-----+--------+

Top non-repeatable levels by time:
   IceCv: 2068 daAuts
     D:1: 1802 daAuts
     D:3: 1701 daAuts
     D:8: 1610 daAuts
    D:10: 1181 daAuts
     D:9: 1163 daAuts
     D:5: 1149 daAuts
     D:4: 1065 daAuts
     D:2: 958 daAuts
  Lair:1: 935 daAuts
    D:11: 734 daAuts
     D:6: 726 daAuts
     D:7: 718 daAuts
  Temple: 166 daAuts
  Lair:2: 109 daAuts
